 Dungeon Crawl Stone Soup version 0.22.0-25-g7663229 (webtiles) character file.

64 Dietz the Magician (level 4, -1/30 HPs)
             Began as a Formicid Wizard on Aug 21, 2018.
             Slain by a scorpion (8 damage)
             ... on level 2 of the Dungeon.
             The game lasted 00:06:40 (1807 turns).

Dietz the Magician (Formicid Wizard)                Turns: 1807, Time: 00:06:42

Health: -1/30      AC:  3    Str: 11    XL:     4   Next: 32%
Magic:  2/10       EV: 12    Int: 19    God:
Gold:   69         SH:  0    Dex:  9    Spells: 4/12 levels left

rFire    . . .     SeeInvis +   h - +0 dagger (speed)
rCold    . . .     Gourm    .   (no shield)
rNeg     . . .     Faith    .   a - +0 robe
rPois    .         Spirit   .   (helmet unavailable)
rElec    .         Reflect  .   (no cloak)
rCorr    .         Harm     .   g - +0 pair of gloves
MR       .....                  (no boots)
Stlth    ++........             (no amulet)
HPRegen  0.10/turn              (no ring)
MPRegen  0.12/turn              (no ring)

@: lethally poisoned (-1 -> -18)
A: permanent stasis, dig shafts and tunnels, four strong arms, antennae 3
a: Dig, Shaft Self


You were on level 2 of the Dungeon.
You were hungry.

You visited 1 branch of the dungeon, and saw 2 of its levels.

You collected 69 gold pieces.

Inventory:

Hand Weapons
 h - a +0 dagger of speed (weapon)
Missiles
 f - 2 needles of paralysis
Armour
 a - a +0 robe (worn)
 g - a +0 pair of gloves (worn)
Jewellery
 j - an uncursed amulet of magic regeneration {unknown}
Scrolls
 d - 2 scrolls of identify {unknown}
 e - 5 scrolls of teleportation {unknown}
 i - a scroll of noise {unknown}
 k - a scroll of random uselessness {unknown}
Potions
 b - a potion of magic {unknown}
 l - a potion of curing {unknown}
 m - 2 potions of mutation {unknown}
Comestibles
 c - 6 rations


   Skills:
 - Level 1.7 Dodging
 - Level 2.4 Stealth
 + Level 4.7 Spellcasting
 + Level 1.7 Conjurations
 - Level 1.0 Summonings
   Level 0.8 Translocations


You had 4 spell levels left.
You knew the following spells:

 Your Spells              Type           Power        Failure   Level  Hunger
a - Magic Dart            Conj           ##..         6%          1    None
b - Call Imp              Summ           #.......     13%         2    #......
c - Slow                  Hex            #.......     19%         2    #......
d - Mephitic Cloud        Conj/Pois/Air  #.......     30%         3    ##.....

Your spell library contained the following spells:

 Spells                   Type           Power        Failure   Level  Hunger
 Conjure Flame            Conj/Fire      #.......     26%         3    ##.....
 Blink                    Tloc           Unusable     N/A         2    N/A

Dungeon Overview and Level Annotations

Branches:
Dungeon (2/15)

Altars:


Innate Abilities, Weirdness & Mutations

You cannot be hasted, slowed, berserked, paralysed or teleported.
You can dig through walls and to a lower floor.
Your four strong arms can wield two-handed weapons with a shield.
You have a pair of large antennae on your head. (SInv)


Message History

Your crimson imp blinks!
Your crimson imp hits the giant cockroach.
Unknown command.
* * * LOW HITPOINT WARNING * * *
You feel sick.
The giant cockroach bites your crimson imp.
Your crimson imp hits the giant cockroach.
Unknown command.
Casting: Call Imp (safe; 13% risk of failure)
Confirm with . or Enter, or press ? or * to list all spells.
Aiming: Magic Dart (safe; 6% risk of failure)
Press: ? - help, Shift-Dir - straight line, f/p - scorpion
Aim: a scorpion (heavily wounded)
The magic dart hits the scorpion.
The scorpion is heavily wounded.
* * * LOW HITPOINT WARNING * * *
You feel sick.
The giant cockroach waves its antennae.
The scorpion stings you!
You die...

#..#
#..#########
#...........
#.########## #
#.# ##.# #.#
..... #.#
....5.########.#
#5ss@......#
#.########## #


You could see a scorpion, a giant cockroach and 2 friendly crimson imps.

Vanquished Creatures
  A leopard gecko (D:1)
  4 bats (D:1)
  2 giant cockroaches (D:1)
  5 hobgoblins
  6 kobolds
  4 frilled lizards (D:1)
  4 goblins (D:1)
  9 rats
35 creatures vanquished.

Vanquished Creatures (collateral kills)
  Jessica (D:2)
  A gnoll (D:2)
  An adder (D:2)
  2 giant cockroaches (D:2)
  2 jackals (D:2)
  A frilled lizard (D:2)
  A kobold (D:2)
  A rat (D:2)
10 creatures vanquished.

Grand Total: 45 creatures vanquished

Notes
Turn   | Place    | Note
-------+----------+-------------------------------------------
     0 | D:1      | Dietz the Formicid Wizard began the quest for the Orb.
     0 | D:1      | Reached XP level 1. HP: 13/13 MP: 4/4
   135 | D:1      | Reached XP level 2. HP: 15/19 MP: 0/6
   346 | D:1      | Reached skill level 1 in Conjurations
   394 | D:1      | Reached skill level 4 in Spellcasting
   515 | D:1      | Learned a level 2 spell: Call Imp
   518 | D:1      | Learned a level 2 spell: Slow
   555 | D:1      | Reached XP level 3. HP: 20/24 MP: 3/8
  1301 | D:2      | Noticed Jessica
  1312 | D:2      | Killed Jessica
  1313 | D:2      | Reached XP level 4. HP: 30/30 MP: 6/10
  1355 | D:2      | Learned a level 3 spell: Mephitic Cloud
  1807 | D:2      | Slain by a scorpion

Skill      XL: |  1  2 |
---------------+-------+-----
Conjurations   | 1 |  1.7
Spellcasting   | 4 |  4.7
Dodging        | |  1.7
Stealth        | |  2.4
Summonings     | |  1.0
Translocations | |  0.8

Action                   |  1- 3 |  4- 6 || total
-------------------------+-------+-------++-------
Melee: Unarmed           |     6 |       ||     6
       Dagger            |    53 |    22 ||    75
 Cast: Magic Dart        |    60 |    14 ||    74
       Call Imp          |     4 |     7 ||    11
  Eat: Chunk             |     1 |     1 ||     2
Armor: Robe              |    11 |     6 ||    17
Dodge: Dodged            |    47 |    20 ||    67
